 Dungeon Crawl Stone Soup version 0.31-a0-1338-gb567cfdca4 (webtiles) character file.

Game seed: 13798498926268091212

227 Rennog the Ruffian (level 6, -2/38 HPs)
             Began as an Octopode Shapeshifter on Dec 22, 2023.
             Slain by a gnoll
             ... wielding a +0 halberd
             ... led by a gnoll bouda
              (9 damage)
             ... on level 4 of the Dungeon.
             The game lasted 00:02:36 (2781 turns).

Rennog the Ruffian (Octopode Shapeshifter)          Turns: 2781, Time: 00:02:37

Health: -2/38      AC:  1    Str: 15    XL:     6   Next: 2%
Magic:  6/6        EV: 13    Int: 12    God:
Gold:   152        SH:  0    Dex: 12    Spells: 5/5 levels left

rFire   . .          .
                       - Unarmed
rCold   . . .        (no shield)
rNeg    + . .        (helmet currently unavailable)
rPois   .            (no amulet)
rElec   .            o - ring of positive energy
rCorr   .            (no ring)
SInv    .            (no ring)
Will    .....        (no ring)
Stlth   +++          (no ring)
HPRegen 0.26/turn    (no ring)
MPRegen 0.10/turn    (no ring)
                     (no ring)

%: no passive effects
@: beast-form
A: beast (slay +2), almost no armour, amphibious, 8 rings, camouflage 1,
gelatinous body 1, (nimble swimmer 1), tentacles
a: Begin Untransformation


You were on level 4 of the Dungeon.
You were a hulking beast.
You visited 1 branch of the dungeon, and saw 4 of its levels.

You collected 152 gold pieces.

Inventory:

Jewellery
 o - a ring of positive energy (left tentacle)
Talismans
 b - a beast talisman
 c - a flux talisman
Wands
 n - a wand of acid (10)
Scrolls
 f - 5 scrolls of identify {unknown}
 g - 2 scrolls of amnesia {unknown}
 h - 4 scrolls of teleportation {unknown}
 k - a scroll of enchant armour {unknown}
 l - a scroll of silence {unknown}
 p - a scroll of vulnerability {unknown}
 q - a scroll of fear {unknown}
Potions
 a - 2 potions of lignification
 d - 2 potions of magic {unknown}
 e - a potion of brilliance {unknown}
 i - a potion of heal wounds {unknown}
 j - a potion of berserk rage {unknown}
 m - 2 potions of degeneration {unknown}
 r - a potion of mutation {unknown}
 s - 2 potions of enlightenment {unknown}


   Skills:
 - Level 1.0 Fighting
 - Level 2.0 Dodging
 - Level 2.0 Stealth
 + Level 4.8 Unarmed Combat
 + Level 4.6 Shapeshifting


You had 5 spell levels left.
You didn't know any spells.
Your spell library contained the following spells:

 Spells                   Type           Power      Damage    Failure   Level
 Sting                    Conj/Alch      0%         1d3       32%         1
 Jinxbite                 Hex            0%         N/A       45%         2
 Mercury Vapours          Alch/Air       0%         N/A       45%         2
 Olgreb's Toxic Radiance  Alch           0%         N/A       97%         4
 Yara's Violent Unravell  Hex/Alch       0%         3d3       100%        5
 Enfeeble                 Hex            0%         N/A       100%        7


Dungeon Overview and Level Annotations

Branches:
Dungeon (4/15)
 Temple: D:4-7

Altars:

Shops:
D:4 [

Annotations:
D:2 Sigmund
D:4 Edmund


Innate Abilities, Weirdness & Mutations

You are a hulking beast.
Your limbs bulge with bestial killing power. (Slay +2)
You cannot wear most types of armour.
You are amphibious.
You can wear up to eight rings at the same time.
Your skin changes colour to match your surroundings (Stealth+).
Your rubbery body absorbs attacks. (AC +1, EV +1)
((You are camouflaged when in or above water. (Stealth+)))
You have tentacles for arms and can constrict up to eight enemies at once.


Message History

No target in view!
No target in view!
No target in view!
m - 2 bubbling clear potions (gained 1)
A giant cockroach is nearby!
A giant cockroach is nearby!
Found a scroll labelled GITALU PEOW.
Found Oghuxiu's Antique Armour Shoppe.
A gnoll comes into view. It is wielding a +0 halberd. x2
The gnoll bouda shouts!
You hear a shout!
The giant cockroach closely misses you.
A hobgoblin comes into view.
The giant cockroach misses you.
The gnoll shouts!
The hobgoblin shouts!
You tentacle-slap the giant cockroach.
You kill the giant cockroach!
A ball python comes into view.
The gnoll misses you.
The gnoll bouda barks out a call to the hunt!
The gnolls pick up the pace!
A goblin comes into view. It is wielding a +0 club.
The goblin shouts!
The gnoll barely misses you. The gnoll bouda misses you. The gnoll misses you.
You tentacle-slap the gnoll bouda. You grab the gnoll bouda.
You squeeze the gnoll bouda!
The gnoll bouda is severely wounded.
You constrict the gnoll bouda. The gnoll closely misses you.
The gnoll bouda barely misses you. The gnoll hits you with a +0 halberd!
You tentacle-slap the gnoll bouda.
You kill the gnoll bouda!
The gnoll barely misses you. The gnoll hits you with a +0 halberd!
You have reached level 6!
The gnoll completely misses you.
The gnoll hits you from afar with a +0 halberd.
The gnoll attacks as it pursues you!
The gnoll hits you from afar with a +0 halberd.
* * * LOW HITPOINT WARNING * * *
The gnoll attacks as it pursues you!
The gnoll hits you from afar with a +0 halberd!
You die...

...# ##.# #..# ##...#
#..# ##.....## ..#
#..∩....## ##..#
.........# #.#.#
.........# #...#
......?g.###.#.###
.....g.gSh.......########
......)g.....##.........#
#.....##########.######†#
.##### #.# #.# #.# #.#
#.# #.# #.# ..# #.# #.#
#.# ### #.## #.# #.# #>..


You could see 2 gnolls, a hobgoblin, a goblin and a ball python.

Vanquished Creatures
  A scorpion (D:4)
  An orc priest (D:3)
  A gnoll bouda (D:4)
  2 adders (D:2)
  A gnoll (D:4)
  2 worms
  2 dart slugs (D:4)
  7 orcs (D:3)
  6 ball pythons
  5 endoplasms
  4 giant cockroaches
  4 goblins
  7 hobgoblins
  3 jackals (D:3)
  2 quokkas
  A bat (D:3)
  4 kobolds
  6 rats
59 creatures vanquished.

Notes
Turn   | Place    | Note
-------+----------+-------------------------------------------
     0 | D:1      | Rennog the Octopode Shapeshifter began the quest for the
                  | Orb.
     0 | D:1      | Reached XP level 1. HP: 13/13 MP: 1/1
   299 | D:1      | Reached XP level 2. HP: 9/18 MP: 2/2
  1048 | D:2      | Reached XP level 3. HP: 23/23 MP: 3/3
  1112 | D:2      | Reached skill level 1 in Stealth
  1384 | D:2      | Noticed Sigmund
  1886 | D:3      | Reached XP level 4. HP: 14/28 MP: 4/4
  2573 | D:4      | Reached XP level 5. HP: 33/33 MP: 5/5
  2690 | D:4      | Noticed Edmund
  2773 | D:4      | Found Oghuxiu's Antique Armour Shoppe.
  2780 | D:4      | Reached XP level 6. HP: 15/38 MP: 6/6
  2781 | D:4      | Slain by a gnoll

Illustrated notes

Levels and vault maps discovered:
D:1:      co_arrival_square_in_a_square_in_a_square, layout_basic
D:2:      layout_basic, uniq_sigmund
D:3:      layout_loops_ring, kennysheep_small_spiral
D:4:      layout_loops_ring, serial_shops, shop, uniq_edmund

Skill      XL: |  1  2  3  4 |
---------------+-------------+-----
Stealth        | 1 2 |  2.0
Unarmed Combat | 4 |  4.8
Shapeshifting  | 4 |  4.6
Fighting       | |  1.0
Dodging        | |  2.0

Action                     |  1- 3 |  4- 6 || total
---------------------------+-------+-------++-------
  Melee: Unarmed           |    63 |    50 ||   113
         Constrict         |    12 |    14 ||    26
         Tentacles         |    10 |    12 ||    22
         Punch             |     2 |     2 ||     4
   Stab: Sleeping          |     8 |     4 ||    12
 Armour: Skin              |    26 |    14 ||    40
  Dodge: Dodged            |    25 |    28 ||    53

Table legend: (Time is in decaauts)
 A = Elapsed time spent in this place.
 B = Non-inter-level travel time spent in this place.
 C = Inter-level travel time spent in this place.
 D = Time resting spent in this place.
 E = Time spent auto-exploring this place.
 F = Levels seen in this place.
 G = Mean time per level.
                   A        B        C        D        E       F      G
               +--------+--------+--------+--------+--------+-----+--------+
         Total |   2772 |   2714 |     58 |      0 |   2316 |   4 |  693.0 |
       Dungeon |   2772 |   2714 |     58 |      0 |   2316 |   4 |  693.0 |
               +--------+--------+--------+--------+--------+-----+--------+

Top non-repeatable levels by time:
     D:1: 1057 daAuts
     D:3: 961 daAuts
     D:2: 522 daAuts
     D:4: 232 daAuts
